 Dungeon Crawl Stone Soup version 0.31-a0-971-g75a2e9a4b4 (webtiles) character file.

Game seed: 12468018613215907797

26 demibob the Poker (level 2, -1/18 HPs)
             Began as a Deep Elf Chaos Knight on Oct 28, 2023.
             Was a Plaything of Xom.
             Slain by a spriggan (shapeshifter) (10 damage)
             ... on level 1 of the Dungeon.
             The game lasted 00:01:05 (420 turns).

demibob the Poker (Deep Elf Chaos Knight)            Turns: 420, Time: 00:01:06

Health: -1/18      AC:  5    Str:  9    XL:     2   Next: 89%
Magic:  4/4        EV: 12    Int: 16    God:    Xom [..*...]
Gold:   19         SH:  0    Dex: 14    Spells: 1/1 levels left

rFire   . . .        a - +0 spear (chaos)
rCold   . . .        (no shield)
rNeg    . . .        b - +2 leather armour
rPois   .            (no helmet)
rElec   .            (no cloak)
rCorr   .            (no gloves)
SInv    .            (no boots)
Will    .....        (no amulet)
Stlth   +            (no ring)
HPRegen 0.23/turn    (no ring)
MPRegen 0.09/turn

%: no passive effects
@: no status effects
A: no striking features
a: Renounce Religion


You were on level 1 of the Dungeon.
You worshipped Xom.
You were a toy of Xom.
You visited 1 branch of the dungeon, and saw 1 of its levels.

You collected 19 gold pieces.


   Skills:
 - Level 2.4 Fighting
 + Level 3.1 Polearms
 - Level 0.7 Armour
 - Level 2.4 Dodging


You had one spell level left.
You didn't know any spells.
Your spell library was empty.

Inventory:

Hand Weapons
 a - a +0 spear of chaos (weapon)
Armour
 b - a +2 leather armour (worn)

Dungeon Overview and Level Annotations

Branches:
Dungeon (1/15)

Altars:

~...~▒.~# ▓▓▓.
~~~~~▒8~#.▓. .. ..
▒▒▒▒▒▒.~#>.. ▒▒. ▒§▒
....8..~# ▓.▒. §...§§§
~~~~~~~~#.▓...▓▓§ ▓§▓
.....####.▓.▒.▓§§ §§§
####.# #...▒.§§▒▒§▒▒
...#.####.▓.▒.▓§▒i§§▒
##.#.#....▓...▓§@§▓
..†..#....▓.▒.▓.▒...▒
##.###......▒§§§▒▒b▒▒
#.........▓.▒§▓§§.....
#..###....▓§§§▓▓§▓▓▓.▓
#..#...>..▓§▒...§§.....
...#.####§§§▒▒.▒▒▒§▒
▒.▒ #..#.#
#§▓.......§..... #.##.#
#§▓▓.▓▓▓.▓▓▓.▓


You could see a spriggan shaped shifter (extremely poisoned).


Message History

Your butterfly disappears in a burst of colours!
You kill your butterfly!
Your butterfly disappears in a burst of colours!
Your butterfly is engulfed in poison gas.
Your butterfly is poisoned.
You kill your butterfly!
Your butterfly disappears in a burst of colours!
Your butterfly is engulfed in poison gas.
Your butterfly is poisoned.
You kill your butterfly!
Your butterfly disappears in a burst of colours!
The spriggan is engulfed in poison gas.
The spriggan looks even sicker.
Your butterfly is engulfed in poison gas.
Your butterfly is poisoned.
You kill your butterfly!
Your butterfly disappears in a burst of colours!
Your butterfly is engulfed in poison gas.
Your butterfly is poisoned.
You kill your butterfly!
Your butterfly disappears in a burst of colours!
Your butterfly is engulfed in poison gas.
Your butterfly is poisoned.
You kill your butterfly!
Your butterfly disappears in a burst of colours!
You are too injured to fight recklessly!
Found a stone staircase leading down.
The spriggan is engulfed in poison gas.
The spriggan looks as sick as possible!
The spriggan is engulfed in poison gas.
The spriggan looks as sick as possible!
The spriggan hits you!
Ouch! That really hurt!
You die...

Skill      XL: |  1  2 |
---------------+-------+-----
Polearms       | 3 |  3.1
Fighting       | |  2.4
Armour         | |  0.7
Dodging        | |  2.4

Action                     || total
---------------------------++-------
  Melee: Spear             ||    73
         Punch             ||     1
    Use: Scroll            ||     2
   Stab: Sleeping          ||     2
 Armour: Leather armour    ||    30
  Dodge: Dodged            ||    32

Levels and vault maps discovered:
D:1:      lightli_arrival_isolated_outpost, layout_basic, minmay_curled_crystal,
          nicolae_concentric_dashed_squares_mild

Notes
Turn   | Place    | Note
-------+----------+-------------------------------------------
     0 | D:1      | demibob the Deep Elf Chaos Knight began the quest for the
                  | Orb.
     0 | D:1      | Reached XP level 1. HP: 13/13 MP: 3/3
   114 | D:1      | Reached XP level 2. HP: 10/18 MP: 4/4
   273 | D:1      | Reached skill level 3 in Polearms
   406 | D:1      | an endoplasm changed into a shapeshifter
   406 | D:1      | Noticed a shapeshifter (shapeshifter)
   406 | D:1      | a shapeshifter changed into a black mamba
   406 | D:1      | Noticed a black mamba (shapeshifter)
   408 | D:1      | a black mamba changed into a spriggan
   408 | D:1      | Noticed a spriggan (shapeshifter)
   420 | D:1      | Slain by a spriggan (shapeshifter)

Vanquished Creatures
  A gnoll (D:1)
  An endoplasm (D:1)
  A hobgoblin (D:1)
  3 jackals (D:1)
  2 kobolds (D:1)
  2 quokkas (D:1)
  2 bats (D:1)
  A frilled lizard (D:1)
  3 rats (D:1)
16 creatures vanquished.

Table legend: (Time is in decaauts)
 A = Elapsed time spent in this place.
 B = Non-inter-level travel time spent in this place.
 C = Inter-level travel time spent in this place.
 D = Time resting spent in this place.
 E = Time spent auto-exploring this place.
 F = Levels seen in this place.
 G = Mean time per level.
                   A        B        C        D        E       F      G
               +--------+--------+--------+--------+--------+-----+--------+
         Total |    419 |    419 |      0 |      0 |    298 |   1 |  419.0 |
       Dungeon |    419 |    419 |      0 |      0 |    298 |   1 |  419.0 |
               +--------+--------+--------+--------+--------+-----+--------+

Top non-repeatable levels by time:
     D:1: 419 daAuts

Table legend:
 A = Non-vault XP
 B = Vault XP
 C = Vault XP percentage of total XP
 D = Non-vault monster count
 E = Vault monster count
 F = Vault count percentage of total count
                 A         B        C        D         E       F
            +---------+---------+-------+---------+---------+-------
      Total |      38 |       0 |   0.0 |      16 |       0 |   0.0
            +---------+---------+-------+---------+---------+-------
        D:1 |      38 |       0 |   0.0 |      16 |       0 |   0.0
            +---------+---------+-------+---------+---------+-------
